 Dungeon Crawl Stone Soup version 0.30-a0-778-g2ef04afb54 (webtiles) character file.

Game seed: 10728312947655572614

824 funkygono the Firebug (level 7, -1/36 HPs)
             Began as a Gargoyle Fire Elementalist on Feb 16, 2023.
             Was an Initiate of Vehumet.
             Slain by a yak (5 damage)
             ... on level 4 of the Dungeon.
             The game lasted 00:07:01 (4826 turns).

funkygono the Firebug (Gargoyle Fire Elementalist)  Turns: 4826, Time: 00:07:01

Health: -1/36      AC: 16    Str: 11    XL:     7   Next: 96%
Magic:  0/14       EV: 17    Int: 18    God:    Vehumet [......]
Gold:   159        SH:  0    Dex: 10    Spells: 9/16 levels left

rFire   . . .      SeeInvis .    s - +1 whip
rCold   . . .      Faith    .    (no shield)
rNeg    + . .      Spirit   .    a - +0 robe
rPois   ∞          Reflect  .    x - +0 helmet
rElec   +          Harm     .    d - +1 cloak
rCorr   .          Rampage  .    m - +1 pair of gloves
Will    .....                    k - +0 pair of boots
Stlth   ++                       (no amulet)
HPRegen 0.26/turn                c - +5 ring of evasion
MPRegen 0.14/turn                h - +4 ring of protection

@: no status effects
A: sickness immunity, AC +4, negative energy resistance 1, electricity
resistance, torment resistance 1, petrification resistance
a: Renounce Religion


You were on level 4 of the Dungeon.
You worshipped Vehumet.
Vehumet was noncommittal.
You visited 2 branches of the dungeon, and saw 6 of its levels.

You collected 249 gold pieces.
You spent 90 gold pieces at shops.

Inventory:

Hand Weapons
 s - a +1 whip (weapon)
Armour
 a - a +0 robe (worn)
 d - a +1 cloak (worn)
 k - a +0 pair of boots (worn)
 m - a +1 pair of gloves (worn)
 x - a +0 helmet (worn)
Jewellery
 c - a +5 ring of evasion (left hand)
 h - a +4 ring of protection (right hand)
Wands
 o - a wand of flame (11)
 u - a wand of roots (23)
Scrolls
 p - a scroll of magic mapping {unknown}
 q - a scroll of identify
 t - 3 scrolls of immolation
 v - 2 scrolls of teleportation
Potions
 b - a potion of magic
 e - a potion of lignification {unknown}
 f - a potion of haste {unknown}
 g - a potion of attraction {unknown}
 i - 2 potions of curing
 j - 3 potions of flight
 l - a potion of brilliance {unknown}
 n - 3 potions of heal wounds
 r - 3 potions of invisibility {unknown}


   Skills:
 + Level 0.1 Fighting
 + Level 0.4 Maces & Flails
 + Level 2.0 Dodging
 - Level 2.1 Stealth
 + Level 5.2 Spellcasting
 + Level 4.1 Conjurations
 + Level 6.1 Fire Magic


You had 9 spell levels left.
You knew the following spells:

 Your Spells              Type           Power      Damage    Failure   Level
a - Foxfire               Conj/Fire      92%        2x1d8     1%          1
b - Scorch                Fire           52%        2d7       1%          2
c - Flame Wave            Conj/Fire      23%        2d8       16%         4

Your spell library contained the following spells:

 Spells                   Type           Power      Damage    Failure   Level
 Kiss of Death            Conj/Necr      48%        2d9       5%          1
 Inner Flame              Hex/Fire       15%        N/A       11%         3
 Kindle Blastsparks       Fire/Tloc/Air  24%        2d12      17%         3
 Wereblood                Tmut           4%         N/A       21%         2
 Confusing Touch          Hex            4%         N/A       36%         3
 Dispel Undead            Necr           4%         3d7       78%         4
 Summon Hydra             Summ           2%         N/A       100%        7
 Sublimation of Blood     Necr           Unusable   N/A       N/A         2

Dungeon Overview and Level Annotations

Branches:
Dungeon (5/15)             Temple (1/1) D:4

Altars:
Ashenzari
Cheibriados
Dithmenos
Elyvilon
Gozag
Hepliaklqana
Kikubaaqudgha
Makhleb
Okawaru
Qazlal
Ru
Sif Muna
Trog
Uskayaw
Vehumet
Wu Jian
Xom
Yredelemnul
The Shining One

Shops:
D:3 ?   D:4 [


Innate Abilities, Weirdness & Mutations

You are immune to sickness and miasma.
Your stone body is resilient. (AC +4)
You are immune to poison.
You resist negative energy. (rN+)
You are resistant to electric shocks. (rElec)
You are resistant to unholy torment.
You are immune to petrification.


Message History

The yak closely misses you.
Unknown command.
You hit the yak but do no damage.
The yak is heavily wounded.
The yak misses you.
You hit the yak.
The yak is severely wounded.
The yak closely misses you.
Casting: Foxfire (safe; 1% risk of failure)
Confirm with . or Enter, or press ? or * to list all spells.
You conjure some foxfire!
The yak is no longer more vulnerable to fire.
The yak barely misses you.
You hit the yak but do no damage.
The yak is severely wounded.
The foxfire hits the yak.
The yak is severely wounded.
The foxfire hits the yak.
The yak is severely wounded.
The yak gores you but does no damage.
Unknown command.
You hit the yak.
The yak is almost dead.
The yak gores you.
* * * LOW HITPOINT WARNING * * *
You barely miss the yak.
The yak is almost dead.
The yak gores you.
* * * LOW HITPOINT WARNING * * *
You hit the yak but do no damage.
The yak is severely wounded.
The yak gores you.
* * * LOW HITPOINT WARNING * * *
You hit the yak but do no damage.
The yak is severely wounded.
The yak gores you but does no damage.
Casting: Foxfire (safe; 1% risk of failure)
Confirm with . or Enter, or press ? or * to list all spells.
You conjure some foxfire!
The yak gores you.
You die...

##...#....................##
##....#................##..##
#.........####...####.####..#
##..#.....####...###.........
######.....###.###..###.....
#..........# ##........#
#..........## #......###
##..##.v....# #.......#
###..#Y@....# #.......#
#......v##..###.......#
##.............(......##
#......................#
###>(.##.#......##.....#
#...###.##.....##.#..## #...#
#####...<#####.# #...# #...##
### #...# #####


You could see a yak (ally target).

Vanquished Creatures
  2 yaks (D:5)
  2 centaurs (D:5)
  A phantom (D:5)
  A scorpion (D:2)
  A jelly (D:4)
  An orc priest (D:3)
  An iguana (D:5)
  6 adders
  A white imp (D:5)
  An ufetubus (D:5)
  A worm (D:4)
  3 dart slugs
  5 orcs
  6 ball pythons
  9 endoplasms
  6 giant cockroaches
  6 goblins
  6 hobgoblins
  2 jackals (D:2)
  3 quokkas
  6 bats
  6 kobolds
  7 rats
83 creatures vanquished.

Vanquished Creatures (others)
  316 foxfires
316 creatures vanquished.

Grand Total: 399 creatures vanquished

Notes
Turn   | Place    | Note
-------+----------+-------------------------------------------
     0 | D:1      | funkygono the Gargoyle Fire Elementalist began the quest
                  | for the Orb.
     0 | D:1      | Reached XP level 1. HP: 10/10 MP: 3/3
   198 | D:1      | Reached XP level 2. HP: 15/15 MP: 1/5
   201 | D:1      | Learned a level 2 spell: Scorch
   787 | D:1      | Reached XP level 3. HP: 19/19 MP: 3/6
   889 | D:1      | Found a faded altar of an unknown god.
  1511 | D:2      | Found a white marble altar of Elyvilon.
  1603 | D:2      | Reached skill level 4 in Fire Magic
  1690 | D:2      | Reached XP level 4. HP: 24/24 MP: 3/8
  1696 | D:2      | Learned a level 4 spell: Flame Wave
  2014 | D:2      | Noticed a scorpion
  2022 | D:2      | Killed a scorpion
  2023 | D:2      | Reached XP level 5. HP: 28/28 MP: 1/9
  2431 | D:3      | Found Vuygoili's Magic Scroll Emporium.
  3298 | D:4      | Found Bane Pue's Armour Shop.
  3343 | D:4      | Bought a +0 cloak for 45 gold pieces
  3343 | D:4      | Bought a +0 pair of boots for 45 gold pieces
  3430 | D:4      | Reached XP level 6. HP: 32/32 MP: 8/11
  3531 | D:4      | Found a staircase to the Ecumenical Temple.
  3553 | Temple   | Entered the Ecumenical Temple
  3683 | Temple   | Became a worshipper of Vehumet
  3930 | D:4      | Found a glowing golden altar of the Shining One.
  4085 | D:5      | Entered Level 5 of the Dungeon
  4139 | D:5      | Reached skill level 5 in Fire Magic
  4265 | D:5      | Reached XP level 7. HP: 36/36 MP: 6/13
  4326 | D:5      | Found a bloodstained altar of Trog.
  4366 | D:5      | Found a hide-covered altar of Uskayaw.
  4656 | D:5      | Noticed a yak
  4672 | D:5      | Killed a yak
  4782 | D:5      | Noticed a yak
  4783 | D:5      | Noticed a yak
  4788 | D:5      | Noticed a yak
  4801 | D:5      | Killed a yak
  4802 | D:5      | Reached skill level 5 in Spellcasting
  4802 | D:5      | Reached skill level 6 in Fire Magic
  4826 | D:4      | Slain by a yak

Illustrated notes

Levels and vault maps discovered:
D:1:      dpeg_arrival_water_temple_mockup, layout_basic,
          chequers_ecumenical_altar_grove, st_stairs_11, minmay_pentomino_o2
D:2:      layout_loops_cross, basic_altar, minmay_split_cup_small
D:3:      layout_basic, serial_shops, nicolae_shop_advertising_works
          [nicolae_subvault_shop_adworks], kennysheep_cross_bottleneck
D:4:      layout_cave_pools, tso_altar, minmay_temple_entry_large_hall,
          serial_shops, nicolae_stop_n_shop_2
D:5:      layout_gridville, trog_three_pillars_becter,
          nicolae_uskayaw_murder_on_the_dancefloor, grunt_temple_overflow_open
Temple:   lightli_temple_of_artemis

Skill      XL: |  1  2  3  4  5  6  7 |
---------------+----------------------+-----
Fire Magic     | 4 5 6 |  6.1
Spellcasting   | 3 4 5 |  5.2
Conjurations   | 2 3 4 |  4.1
Dodging        | 2 |  2.0
Fighting       | |  0.1
Maces & Flails | |  0.4
Stealth        | |  2.1

Action                     |  1- 3 |  4- 6 |  7- 9 || total
---------------------------+-------+-------+-------++-------
  Melee: Club              |    11 |       |       ||    11
         Unarmed           |     1 |       |       ||     1
         Whip              |       |    15 |     9 ||    24
   Cast: Foxfire           |    60 |    94 |    32 ||   186
         Scorch            |     4 |     4 |     6 ||    14
    Use: Scroll            |       |    14 |       ||    14
 Armour: Robe              |     4 |     5 |     6 ||    15
  Dodge: Dodged            |    16 |    17 |    16 ||    49

Table legend: (Time is in decaauts)
 A = Elapsed time spent in this place.
 B = Non-inter-level travel time spent in this place.
 C = Inter-level travel time spent in this place.
 D = Time resting spent in this place.
 E = Time spent auto-exploring this place.
 F = Levels seen in this place.
 G = Mean time per level.
                   A        B        C        D        E       F      G
               +--------+--------+--------+--------+--------+-----+--------+
         Total |   4829 |   4740 |     89 |     35 |   4030 |   6 |  804.8 |
       Dungeon |   4687 |   4610 |     77 |     35 |   3923 |   5 |  937.4 |
        Temple |    141 |    130 |     11 |      0 |    107 |   1 |  141.0 |
               +--------+--------+--------+--------+--------+-----+--------+

Top non-repeatable levels by time:
     D:1: 1221 daAuts
     D:2: 1079 daAuts
     D:3: 999 daAuts
     D:5: 727 daAuts
     D:4: 659 daAuts
  Temple: 141 daAuts
